 Dungeon Crawl Stone Soup version 0.18.1-8-gdd0e5ea (webtiles) character file.

4947 nikopol the Spear-Bearer (level 10, -5/136 HPs)
             Began as a Minotaur Berserker on May 23, 2016.
             Was a High Priest of Trog.
             Slain by a freezing wraith (12 damage)
             ... in an ice cave.
             The game lasted 00:21:48 (7640 turns).

nikopol the Spear-Bearer (Minotaur Berserker)       Turns: 7640, Time: 00:21:48

Health: -5/136     AC:  9    Str: 27    XL:     10   Next: 28%
Magic:  9/9        EV: 15    Int:  4    God:    Trog [*****.]
Gold:   466        SH:  0    Dex: 13    Spells: 0 memorised, 9 levels left

rFire  . . .     SeeInvis .     s - +2 trident (pierce)
rCold  . . .     Gourm    .     j - +0 ring mail
rNeg   . . .     Faith    .     (no shield)
rPois  .         Spirit   .     (helmet restricted)
rElec  .         Dismiss  .     c - +0 cloak
rCorr  .         Reflect  .     (no gloves)
SustAt .         Harm     .     G - +0 pair of boots
MR     .....                    (no amulet)
Stlth  ..........               (no ring)
                                (no ring)

@: berserking, slowed, not resistant to hostile enchantments, extremely
unstealthy
A: retaliatory headbutt, horns 2
a: Berserk, Trog's Hand, Brothers in Arms, Burn Spellbooks, Renounce Religion


You were in an ice cave.
You worshipped Trog.
Trog was extremely pleased with you.
You were hungry.

You visited 2 branches of the dungeon, and saw 9 of its levels.
You also visited: Ice Cave.

You collected 466 gold pieces.

Inventory:

Hand Weapons
 s - a +2 trident of piercing (weapon)
 D - a +0 shortbow
Missiles
 y - 31 arrows
Armour
 c - a +0 cloak (worn)
 j - a +0 ring mail (worn)
 G - a +0 pair of boots (worn)
Jewellery
 f - an uncursed ring of protection from fire
Wands
 b - a wand of digging (1/24)
 F - a wand of hasting (6/9)
Scrolls
 e - 6 scrolls of identify
 g - 2 scrolls of enchant weapon
 h - a scroll of teleportation
 k - a scroll of magic mapping
 o - 6 scrolls of remove curse
 p - a scroll of amnesia {unknown}
 t - a scroll of enchant armour {unknown}
 v - a scroll of fog {unknown}
 x - 3 scrolls of random uselessness {unknown}
 B - a scroll of brand weapon {unknown}
Potions
 a - a potion of invisibility
 i - a potion of flight
 r - a potion of brilliance
 w - a potion of haste
 z - a potion of curing
 A - a potion of might
 E - 2 potions of magic
Comestibles
 d - 3 meat rations
 m - a slice of pizza
 n - 5 bread rations
 q - 11 fruits


   Skills:
 + Level 9.2 Fighting
 + Level 9.3 Polearms
 + Level 6.1 Bows
 + Level 8.6 Armour
 + Level 8.1 Dodging


You had 9 spell levels left.
You didn't know any spells.

Dungeon Overview and Level Annotations

Branches:
Dungeon (8/15)             Temple (0/1) D:7            Lair (1/8) D:8

Altars:
Ashenzari
Cheibriados
Elyvilon
Kikubaaqudgha
Nemelex Xobeh
Okawaru
Vehumet
Yredelemnul
The Shining One

Shops:
D:6 *

Annotations:
D:5 exclusion: statue


Innate Abilities, Weirdness & Mutations

You reflexively headbutt those who attack you in melee.
You have a pair of horns on your head.


Message History

The freezing wraith hits you but does no damage.
The freezing wraith hits you.
You hit the freezing wraith.
The freezing wraith is heavily damaged.
The freezing wraith hits you! The freezing wraith freezes you!!
* * * LOW HITPOINT WARNING * * *
The freezing wraith closely misses you.
A red film seems to cover your vision as you go berserk!
You feel yourself moving faster!
You feel mighty!
You feel somewhat more hungry. The freezing wraith hits you!
* * * LOW HITPOINT WARNING * * *
The freezing wraith freezes you!!
* * * LOW HITPOINT WARNING * * *
The freezing wraith hits you.
* * * LOW HITPOINT WARNING * * *
The freezing wraith drains your vigour!
You feel yourself slow down.
You puncture the freezing wraith!
The freezing wraith is severely damaged.
The freezing wraith hits you!
You die...

#......# ##
##....## ###
#...## ##.##
##..##
#...## #..##
#....####..#
#..#...#...#
#..##.....##
##@###...##
#W(######
##.(# ..(#
#..(# #(..#
#...# #(.#


You could see a freezing wraith.

Vanquished Creatures
  A hill giant (D:8)
  A freezing wraith (IceCv)
  A wolf spider simulacrum (IceCv)
  A wyvern (D:8)
  A hippogriff (Lair:1)
  A porcupine (Lair:1)
  6 ice beasts
  A necrophage (D:5)
  2 sky beasts
  4 ogres
  A phantom (D:5)
  2 orc warriors
  2 centaurs
  A crocodile (Lair:1)
  4 giant frogs
  A gnoll sergeant (D:7)
  3 scorpions
  A howler monkey (D:4)
  5 wights (D:8)
  A crimson imp (D:5)
  A centaur skeleton (D:7)
  A quasit (D:4)
  3 orc wizards
  3 hounds
  3 orc priests
  Jessica (D:2)
  Terence (D:2)
  3 iguanas
  5 worker ants
  A polar bear simulacrum (IceCv)
  2 wolf simulacra (IceCv)
  A killer bee zombie (D:5)
  7 sheep (Lair:1)
  Robin (D:2)
  3 gnolls (D:7)
  7 adders
  A shadow imp (D:5)
  17 white imps
  An ooze (D:3)
  An adder skeleton (D:6)
  4 worms
  3 dart slugs (D:1)
  10 giant geckos
  16 orcs
  A ball python (D:3)
  9 bats
  2 giant cockroaches
  9 hobgoblins
  21 jackals
  3 quokkas
  A giant gecko skeleton (D:5)
  5 giant newts
  14 goblins
  A jackal zombie (D:8)
  10 kobolds
  11 rats
223 creatures vanquished.

Notes
Turn   | Place    | Note
--------------------------------------------------------------
     0 | D:1      | nikopol the Minotaur Berserker began the quest for the Orb.
     0 | D:1      | Reached XP level 1. HP: 19/19 MP: 0/0
   171 | D:1      | Reached XP level 2. HP: 24/27 MP: 1/1
   751 | D:1      | Reached XP level 3. HP: 33/33 MP: 2/2
   824 | D:2      | Noticed Jessica
   830 | D:2      | Killed Jessica
   912 | D:2      | Found a faded altar to an unknown god.
   915 | D:2      | Reached ** piety under Trog
   990 | D:2      | Reached XP level 4. HP: 40/40 MP: 3/3
  1123 | D:2      | Noticed Terence
  1125 | D:2      | Noticed Robin
  1142 | D:2      | Killed Robin
  1156 | D:2      | Killed Terence
  1295 | D:2      | Found a white marble altar of Elyvilon.
  1366 | D:2      | Found a basalt altar of Yredelemnul.
  1560 | D:3      | Reached XP level 5. HP: 47/47 MP: 4/4
  1593 | D:3      | Reached *** piety under Trog
  1658 | D:3      | Noticed an ice beast
  1673 | D:3      | Killed an ice beast
  1673 | D:3      | Reached skill level 5 in Polearms
  1673 | D:3      | Reached XP level 6. HP: 15/55 MP: 5/5
  1822 | D:3      | Reached skill level 5 in Fighting
  2635 | D:4      | Found a glowing golden altar of the Shining One.
  2637 | D:4      | Reached **** piety under Trog
  2645 | D:4      | Reached skill level 5 in Armour
  2645 | D:4      | Reached XP level 7. HP: 54/61 MP: 6/6
  2772 | D:5      | Entered Level 5 of the Dungeon
  2784 | D:4      | Reached skill level 5 in Dodging
  3104 | D:5      | Found an iron altar of Okawaru.
  3415 | D:5      | Found a shattered altar of Ashenzari.
  3505 | D:5      | Reached XP level 8. HP: 47/71 MP: 7/7
  3521 | D:5      | Reached skill level 1 in Bows
  3976 | D:5      | Found a radiant altar of Vehumet.
  4159 | D:6      | Reached ***** piety under Trog
  4419 | D:6      | Found a snail-covered altar of Cheibriados.
  4504 | D:6      | Found Herif's General Store.
  4959 | D:7      | Reached XP level 9. HP: 56/80 MP: 8/8
  5002 | D:7      | Found an ancient bone altar of Kikubaaqudgha.
  5003 | D:7      | Found a sparkling altar of Nemelex Xobeh.
  5007 | D:7      | Found a snail-covered altar of Cheibriados.
  5188 | D:7      | Found a staircase to the Ecumenical Temple.
  5778 | D:8      | Found a staircase to the Lair.
  5986 | D:8      | Noticed a hill giant
  5996 | D:8      | Killed a hill giant
  6341 | D:8      | Reached skill level 5 in Bows
  6762 | Lair:1   | Entered Level 1 of the Lair of Beasts
  6872 | Lair:1   | Found a frozen archway.
  6899 | Lair:1   | Reached XP level 10. HP: 78/90 MP: 9/9
  6904 | Lair:1   | Received a gift from Trog
  6917 | IceCv    | Entered an ice cave
  7640 | IceCv    | Slain by a freezing wraith

Skill      XL: |  1  2  3  4  5  6  7  8  9 10 |
---------------+-------------------------------+-----
Armour         | 3 4 5 7 8 |  8.6
Fighting       | 4 5 6 7 8 9 |  9.2
Polearms       | 4 5 6 7 9 |  9.3
Dodging        | 3 4 5 6 7 8 |  8.1
Bows           | 3 5 6 |  6.1

Action                   |  1- 3 |  4- 6 |  7- 9 | 10-12 || total
-------------------------+-------+-------+-------+-------++-------
Melee: Spear             |    78 |   175 |    58 |       ||   311
       Headbutt          |    15 |    19 |    54 |    15 ||   103
       Trident           |       |       |   263 |    62 ||   325
 Fire: Shortbow          |       |       |    12 |    19 ||    31
Invok: Berserk           |       |     2 |     7 |     3 ||    12
       Burn Spellbooks   |       |       |     2 |       ||     2
  Use: Scroll            |       |       |    11 |       ||    11
  Eat: Bread ration      |     1 |       |       |       ||     1
       Chunk             |       |     6 |    22 |     1 ||    29
       Royal jelly       |       |       |       |     1 ||     1
       Pizza             |       |       |       |     1 ||     1
Armor: Ring mail         |    10 |    30 |    54 |    20 ||   114
Dodge: Dodged            |    32 |    60 |   153 |    36 ||   281
